AoeStats
← Buhr

African Clearing

510438068Analyzed
4v4 RM · 2d ago on Oct 1, 2026· 24m 12s· 8 players
Game mode
Random Map
Map size
Large (8 player)
Population
200
Speed
Normal
Resources
Standard
Victory
Conquest
Starting age
Dark Age
Ending age
Imperial Age
RankedLock teamsTeams togetherTeam positionsShared explorationLock speedFull tech treeHidden civsTurbo modeCheats
Victory
Defeat
🇲🇽 Italians · Mexico
1500
+14
🇲🇽 Varangians · Mexico
1496
+14
🇲🇽 Persians · Mexico
1447
+16
🇲🇽 Vietnamese · Mexico
1383
+20
🇺🇸 Inca · United States
1533
-18
🇺🇸 Hindustanis · United States
1451
-16
🇧🇷 Danes · Brazil
1447
-16
🇲🇽 Vikings · Mexico
1402
-14
MZTK | Dragneel
6:23 Loom
13:45 Feudal Age
17:28 Castle Age
15:22 Double-Bit Axe
16:13 Scale Barding Armor
16:59 Forging
16:38 Horse Collar
17:46 Bloodlines
17:53 Loom
21:27 Town Watch
MZTK | BALLON BOY
8:38 Loom
14:31 Feudal Age
19:01 Castle Age
17:37 Double-Bit Axe
18:41 Fletching
MZTK | V
9:12 Loom
11:41 Feudal Age
12:55 Loom
14:38 Fletching
22:48 Castle Age
25:26 Wheelbarrow
MZTK | Orocar
6:13 Loom
12:52 Feudal Age
17:28 Castle Age
15:55 Double-Bit Axe
16:54 Gold Mining
17:25 Stone Mining
19:24 Town Watch
21:23 Fletching
23:26 Horse Collar
24:25 Bodkin Arrow
Habacucc
5:30 Loom
13:15 Feudal Age
14:10 Man-at-Arms
15:04 Scale Mail Armor
15:42 Arson
19:00 Horse Collar
19:06 Double-Bit Axe
24:23 Castle Age
Buhr
3:48 Loom
4:02 Loom
13:58 Feudal Age
14:45 Town Watch
19:29 Castle Age
17:19 Double-Bit Axe
19:03 Wheelbarrow
18:26 Stone Mining
19:33 Horse Collar
20:20 Bow Saw
22:07 Heavy Plow
l3av3x
11:39 Loom
13:52 Feudal Age
17:51 Castle Age
16:18 Fletching
16:32 Double-Bit Axe
Fs.Caboclo
6:15 Loom
13:33 Feudal Age
17:34 Castle Age
17:22 Double-Bit Axe
19:22 Bow Saw
Connection lost

Rejoining the realm…

Still unreachable

The connection could not be restored.

Session expired

The server has moved on; the page needs a fresh start.